 Dungeon Crawl Stone Soup version 0.28.0-45-g0d030f2227 (webtiles) character file.

Game seed: 1313883879383250249

552 Cykl0x the Magician (level 7, -2/51 HPs)
             Began as a Gnoll Hedge Wizard on Mar 31, 2022.
             Was an Initiate of the Shining One.
             Slain by an orc
             ... wielding a +0 mace
              (5 damage)
             ... on level 4 of the Dungeon.
             The game lasted 00:11:46 (5500 turns).

Cykl0x the Magician (Gnoll Hedge Wizard)            Turns: 5500, Time: 00:11:46

Health: -2/51      AC:  3    Str: 12    XL:     7   Next: 29%
Magic:  13/18      EV: 13    Int: 13    God:    the Shining One [......]
Gold:   87         SH:  0    Dex: 11    Spells: 14/21 levels left

rFire   . . .      SeeInvis .   o - staff of earth
rCold   . . .      Faith    .   (no shield)
rNeg    . . .      Spirit   .   b - +0 robe
rPois   .          Reflect  .   c - +0 hat
rElec   .          Harm     .   (no cloak)
rCorr   .          Rampage  .   h - +0 pair of gloves
Will    .....                   (no boots)
Stlth   +.........              k - amulet of regeneration
HPRegen 0.97/turn               (no ring)
MPRegen 0.16/turn               (no ring)

@: wereblooded, glowing
A: fangs 1, strong nose, distributed training
a: Renounce Religion


You were on level 4 of the Dungeon.
You worshipped the Shining One.
The Shining One was noncommittal.
You visited 2 branches of the dungeon, and saw 5 of its levels.
You also visited: Sewer.

You collected 87 gold pieces.

Inventory:

Hand Weapons
 a - a +0 dagger
 e - a +0 short sword
 i - a +0 long sword
Armour
 b - a +0 robe (worn)
 c - a +0 hat (worn)
 h - a +0 pair of gloves (worn)
Magical Staves
 o - a staff of earth (weapon)
Jewellery
 k - an amulet of regeneration (around neck)
 p - a ring of fire
Wands
 m - a wand of acid (3)
 n - a wand of iceblast (7)
Scrolls
 q - 2 scrolls of fear {unknown}
 s - a scroll of enchant armour {unknown}
 u - 2 scrolls of fog {unknown}
 v - a scroll of magic mapping {unknown}
Potions
 d - 2 potions of lignification
 f - a potion of invisibility
 g - a potion of heal wounds
 j - a potion of cancellation {unknown}
 l - 2 potions of brilliance {unknown}
 r - a potion of ambrosia {unknown}
 t - 2 potions of mutation {unknown}


   Skills:
 + Level 2.4 Fighting
 + Level 2.4 Short Blades
 + Level 2.4 Long Blades
 + Level 2.4 Axes
 + Level 2.4 Maces & Flails
 + Level 2.4 Polearms
 + Level 2.4 Staves
 + Level 2.4 Slings
 + Level 2.4 Bows
 + Level 2.4 Crossbows
 + Level 2.4 Throwing
 + Level 2.4 Armour
 + Level 5.2 Dodging
 + Level 4.8 Stealth
 + Level 2.4 Shields
 + Level 2.4 Unarmed Combat
 + Level 7.6 Spellcasting
 + Level 2.9 Conjurations
 + Level 2.0 Hexes
 + Level 2.9 Summonings
 + Level 2.0 Necromancy
 + Level 2.9 Translocations
 + Level 2.0 Transmutations
 + Level 2.0 Fire Magic
 + Level 2.0 Ice Magic
 + Level 2.0 Air Magic
 + Level 2.0 Earth Magic
 + Level 2.0 Poison Magic
 + Level 2.6 Invocations
 + Level 2.4 Evocations


You had 14 spell levels left.
You knew the following spells:

 Your Spells              Type           Power      Damage    Failure   Level
a - Magic Dart            Conj           48%        1d5       4%          1
b - Mephitic Cloud        Conj/Pois/Air  10%        N/A       17%         3
c - Wereblood             Tmut           10%        N/A       10%         2
d - Foxfire               Conj/Fire      44%        2x1d6     5%          1

Your spell library contained the following spells:

 Spells                   Type           Power      Damage    Failure   Level
 Beastly Appendage        Tmut           20%        N/A       6%          1
 Slow                     Hex            40%        N/A       6%          1
 Blink                    Tloc           24%        N/A       6%          2
 Call Imp                 Summ           12%        N/A       6%          2
 Conjure Flame            Conj/Fire      11%        6-21      16%         3
 Inner Flame              Hex/Fire       10%        N/A       19%         3
 Ozocubu's Armour         Ice            10%        N/A       19%         3
 Spider Form              Tmut/Pois      10%        N/A       19%         3
 Passage of Golubria      Tloc           12%        N/A       38%         4
 Flame Wave               Conj/Fire      11%        2d5       45%         4
 Metabolic Englaciation   Hex/Ice        5%         N/A       87%         5
 Silence                  Hex/Air        5%         N/A       87%         5
 Simulacrum               Ice/Necr       5%         N/A       100%        6
 Lehudib's Crystal Spear  Conj/Erth      8%         10d4      100%        8


Dungeon Overview and Level Annotations

Branches:
Dungeon (4/15)             Temple (1/1) D:4           Sewer (visited)

Altars:
Dithmenos
Fedhas
Gozag
Makhleb
Okawaru
Qazlal
Vehumet
Wu Jian
The Shining One

Shops:
D:1 *


Innate Abilities, Weirdness & Mutations

You have very sharp teeth.
Your uncanny sense of smell can sniff out nearby items.
Your experience applies equally to all skills.


Message History

Your bite misses the orc priest.
The orc priest is moderately wounded.
The orc barely misses you.
The orc priest hits you with a +0 hand axe.
You closely miss the orc priest. You bite the orc priest.
The orc priest is moderately wounded.
The orc hits you but does no damage. The orc priest completely misses you.
The orc hits you with a +0 mace.
Casting: Magic Dart (safe; 4% risk of failure)
Confirm with . or Enter, or press ? or * to list all spells.
Aiming: Magic Dart (safe; 4% risk of failure)
Press: ? - help, Shift-Dir - straight line, f - orc
Aim: an orc, wielding a +0 mace and wearing a +0 leather armour (100% to hit)
The magic dart hits the orc.
The orc is lightly wounded.
You howl as the wereblood boils in your veins!
The orc priest barely misses you. The orc hits you with a +0 mace.
* * * LOW HITPOINT WARNING * * *
Casting: Magic Dart (safe; 4% risk of failure)
Confirm with . or Enter, or press ? or * to list all spells.
Aiming: Magic Dart (safe; 4% risk of failure)
Press: ? - help, Shift-Dir - straight line, f - orc priest, p - orc
Aim: an orc priest, wielding a +0 hand axe and wearing a +0 leather armour (moderately wounded, 100% to hit)
The magic dart hits the orc priest but does no damage.
The orc priest is moderately wounded.
The orc priest hits you but does no damage.
The orc hits you with a +0 mace.
* * * LOW HITPOINT WARNING * * *
Casting: Magic Dart (safe; 4% risk of failure)
Confirm with . or Enter, or press ? or * to list all spells.
Aiming: Magic Dart (safe; 4% risk of failure)
Press: ? - help, Shift-Dir - straight line, f/p - orc priest
Aim: an orc priest, wielding a +0 hand axe and wearing a +0 leather armour (moderately wounded, 100% to hit)
The magic dart hits the orc priest but does no damage.
The orc priest is moderately wounded.
You howl as the wereblood boils in your veins!
The orc priest hits you with a +0 hand axe!
* * * LOW HITPOINT WARNING * * *
The orc hits you with a +0 mace.
You die...

#. #....#.....#.......
#.##..###..>..###.####
#.......#....(#...#
###...(............
#.###...###....#..
#.####...#...#.#...
#........#...#.#....
#............# .
#.o@###....#.# ..#
###o# #....#
#.[..###o# #....# ∆
.....o...# .....#####
<.. .


You could see an orc priest and 2 orcs.

Vanquished Creatures
  A phantom (D:4)
  2 bullfrogs (Sewer)
  A bullfrog zombie (D:3)
  An iguana (D:4)
  A hound skeleton (D:4)
  11 adders
  5 river rats (Sewer)
  5 worms
  A dart slug (D:2)
  An orc (D:4)
  19 ball pythons
  7 endoplasms
  3 giant cockroaches
  5 hobgoblins
  5 jackals (D:2)
  6 quokkas
  6 bats
  16 frilled lizards
  7 goblins
  8 kobolds
  29 rats
140 creatures vanquished.

Vanquished Creatures (collateral kills)
  A goblin (D:2)
1 creature vanquished.

Vanquished Creatures (others)
  4 demonic plants (D:2)
  59 foxfires
  2 fungi (D:2)
  10 plants
  2 withered plants (D:2)
77 creatures vanquished.

Grand Total: 218 creatures vanquished

Notes
Turn   | Place    | Note
-------+----------+-------------------------------------------
     0 | D:1      | Cykl0x the Gnoll Hedge Wizard began the quest for the Orb.
     0 | D:1      | Reached XP level 1. HP: 13/13 MP: 8/8
   263 | D:1      | Reached XP level 2. HP: 19/19 MP: 7/10
   860 | D:1      | Reached XP level 3. HP: 24/25 MP: 8/11
   903 | D:1      | Found Fucrod's General Store.
  1008 | D:1      | Learned a level 3 spell: Mephitic Cloud
  1595 | D:2      | Reached skill level 1 in Invocations
  1711 | D:2      | Found a faded altar of an unknown god.
  1904 | D:2      | Reached skill level 1 in Fighting
  1904 | D:2      | Reached skill level 1 in Short Blades
  1904 | D:2      | Reached skill level 1 in Long Blades
  1904 | D:2      | Reached skill level 1 in Axes
  1904 | D:2      | Reached skill level 1 in Maces & Flails
  1904 | D:2      | Reached skill level 1 in Polearms
  1904 | D:2      | Reached skill level 1 in Staves
  1904 | D:2      | Reached skill level 1 in Slings
  1904 | D:2      | Reached skill level 1 in Bows
  1904 | D:2      | Reached skill level 1 in Crossbows
  1904 | D:2      | Reached skill level 1 in Throwing
  1904 | D:2      | Reached skill level 1 in Armour
  1904 | D:2      | Reached skill level 1 in Shields
  1904 | D:2      | Reached skill level 1 in Unarmed Combat
  1904 | D:2      | Reached skill level 1 in Evocations
  1928 | D:2      | Reached XP level 4. HP: 18/32 MP: 0/13
  2806 | D:3      | Reached skill level 1 in Hexes
  2806 | D:3      | Reached skill level 1 in Necromancy
  2806 | D:3      | Reached skill level 1 in Transmutations
  2806 | D:3      | Reached skill level 1 in Fire Magic
  2806 | D:3      | Reached skill level 1 in Ice Magic
  2806 | D:3      | Reached skill level 1 in Air Magic
  2806 | D:3      | Reached skill level 1 in Earth Magic
  2806 | D:3      | Reached skill level 1 in Poison Magic
  3137 | D:3      | Reached XP level 5. HP: 22/37 MP: 6/14
  3348 | D:3      | Found a stormy altar of Qazlal.
  3838 | D:4      | Learned a level 2 spell: Wereblood
  3845 | D:4      | Noticed a phantom
  3883 | D:4      | Killed a phantom
  3884 | D:4      | Reached XP level 6. HP: 39/44 MP: 0/16
  4234 | D:4      | Reached skill level 5 in Dodging
  4236 | D:4      | Found a glowing drain.
  4240 | Sewer    | Entered a sewer
  4985 | Sewer    | Learned a level 1 spell: Foxfire
  5183 | Sewer    | Reached XP level 7. HP: 40/50 MP: 12/18
  5357 | D:4      | Found a staircase to the Ecumenical Temple.
  5379 | Temple   | Entered the Ecumenical Temple
  5423 | Temple   | Became a worshipper of the Shining One
  5500 | D:4      | Slain by an orc

Illustrated notes

Levels and vault maps discovered:
D:1:      evilmike_arrival_hilbert_curve, layout_basic, serial_shops, shop
D:2:      layout_basic, shapermc_ecumenical_altar_gd, minmay_box_of_dots
D:3:      layout_loops_corners, general_overflow_altar, chequers_jeans,
          serial_park_tiny_2, minmay_lizard_king
D:4:      layout_basic, minmay_temple_entry_tees, gup_sewer_entry_spiral
Temple:   regret_index_temple_mists

Skill      XL: |  1  2  3  4  5  6  7 |
---------------+----------------------+-----
Conjurations   | 2 |  2.9
Summonings     | 2 |  2.9
Translocations | 2 |  2.9
Invocations    | 1 2 |  2.6
Fighting       | 1 2 |  2.4
Short Blades   | 1 2 |  2.4
Long Blades    | 1 2 |  2.4
Axes           | 1 2 |  2.4
Maces & Flails | 1 2 |  2.4
Polearms       | 1 2 |  2.4
Staves         | 1 2 |  2.4
Slings         | 1 2 |  2.4
Bows           | 1 2 |  2.4
Crossbows      | 1 2 |  2.4
Throwing       | 1 2 |  2.4
Armour         | 1 2 |  2.4
Shields        | 1 2 |  2.4
Unarmed Combat | 1 2 |  2.4
Evocations     | 1 2 |  2.4
Hexes          | 1 2 |  2.0
Necromancy     | 1 2 |  2.0
Transmutations | 1 2 |  2.0
Fire Magic     | 1 2 |  2.0
Ice Magic      | 1 2 |  2.0
Air Magic      | 1 2 |  2.0
Earth Magic    | 1 2 |  2.0
Poison Magic   | 1 2 |  2.0
Dodging        | 5 |  5.2
Stealth        | |  4.8
Spellcasting   | |  7.6

Action                   |  1- 3 |  4- 6 |  7- 9 || total
-------------------------+-------+-------+-------++-------
Melee: Dagger            |     4 |       |       ||     4
       Short sword       |     1 |       |       ||     1
       Long sword        |     8 |     6 |       ||    14
       Bite              |     1 |    16 |     1 ||    18
       Staff             |       |   117 |    17 ||   134
       Punch             |       |     4 |     1 ||     5
 Cast: Magic Dart        |    98 |   207 |     4 ||   309
       Mephitic Cloud    |     2 |     2 |       ||     4
       Wereblood         |       |     1 |     1 ||     2
       Foxfire           |       |    24 |    11 ||    35
  Use: Scroll            |     2 |     2 |     1 ||     5
       Potion            |       |     1 |       ||     1
 Stab: Confused          |       |     1 |       ||     1
Armor: Robe              |     4 |    25 |     4 ||    33
Dodge: Dodged            |    24 |   133 |     9 ||   166
